AoeStats
← Botgamer928

Coastal Forest

503200216Analyzed
4v4 RM · 11d ago on Aug 30, 2026· 48m 19s· 8 players
Game mode
Random Map
Map size
Large (8 player)
Population
200
Speed
Normal
Resources
Standard
Victory
Conquest
Starting age
Dark Age
Ending age
Imperial Age
RankedLock teamsTeams togetherTeam positionsShared explorationLock speedFull tech treeHidden civsTurbo modeCheats
Victory
Defeat
🇬🇧 Turks · United Kingdom
1043
+13
🇺🇸 Japanese · United States
958
+17
🇺🇾 Portuguese · Uruguay
946
+51
🇺🇸 Wei · United States
937
+18
🇲🇽 Tatars · Mexico
1038
-19
🇻🇳 Slavs · Vietnam
1022
-18
🇻🇳 Shu · Vietnam
973
-16
🇺🇸 Britons · United States
872
-12
PeppyIsland31
2:59 Loom
6:39 Loom
11:55 Feudal Age
13:49 Loom
16:52 Castle Age
14:47 Double-Bit Axe
15:38 Horse Collar
17:58 Bow Saw
18:00 Fletching
18:59 Bodkin Arrow
19:06 Padded Archer Armor
20:35 Leather Archer Armor
21:44 Gold Mining
28:24 Bloodlines
28:15 Husbandry
28:46 Thumb Ring
30:23 Wheelbarrow
30:50 Ballistics
32:31 Town Watch
34:04 Treadmill Crane
36:06 Hand Cart
36:48 Elite Skirmisher
40:46 Imperial Age
39:25 Town Patrol
40:45 Gold Shaft Mining
40:00 Stone Mining
41:20 Heavy Cavalry Archer
42:56 Conscription
43:00 Bracer
44:03 Chemistry
49:25 Two-Man Saw
48:29 Heavy Plow
Hero
10:12 Loom
11:59 Feudal Age
12:04 Loom
12:28 Double-Bit Axe
12:46 Fishing Lines
12:55 Horse Collar
18:22 Castle Age
16:47 Stone Mining
18:01 Gold Mining
19:25 Wheelbarrow
20:13 Bow Saw
21:03 Heavy Plow
21:19 Scale Barding Armor
21:28 Gillnets
27:16 Bloodlines
30:51 Imperial Age
29:34 Chain Barding Armor
29:17 Husbandry
29:45 Tuntian
30:57 Forging
31:54 Conscription
32:20 Iron Casting
32:57 Ming Guang Armor
34:32 Elite Tiger Cavalry
36:56 Blast Furnace
39:02 Pikeman
44:38 Halberdier
46:12 Scale Mail Armor
Botgamer928
4:08 Loom
12:00 Feudal Age
14:26 Bloodlines
17:47 Castle Age
30:38 Forging
30:33 Scale Barding Armor
30:59 Double-Bit Axe
31:06 Horse Collar
33:01 Gold Mining
38:01 Imperial Age
35:57 Stone Mining
36:32 Bow Saw
40:01 Fortified Wall
40:01 Masonry
44:01 Heavy Camel Rider
44:54 Bloodlines
46:28 Chain Barding Armor
46:43 Iron Casting
alfiejulius1
12:43 Feudal Age
13:10 Double-Bit Axe
13:28 Gold Mining
13:29 Horse Collar
15:21 Forging
20:38 Castle Age
20:44 Scale Mail Armor
21:57 Coinage
21:42 Bow Saw
21:48 Town Watch
23:31 Wheelbarrow
25:16 Stone Mining
31:27 Imperial Age
30:02 Heavy Plow
30:29 Ballistics
31:28 Hand Cart
31:30 Clinker Construction
31:35 Masonry
37:37 Banking
37:19 Loom
38:48 Crop Rotation
42:50 Town Patrol
43:39 Architecture
46:03 Iron Casting
45:57 Conscription
46:09 Gambesons
47:19 Arquebus
47:21 Sappers
Walkdog38
0:28 Loom
14:14 Feudal Age
15:00 Double-Bit Axe
15:12 Stone Mining
15:20 Gold Mining
15:16 Fishing Lines
25:01 Stone Mining
29:54 Castle Age
30:59 Bow Saw
31:31 Wheelbarrow
35:32 Imperial Age
33:58 Gillnets
35:14 Gold Shaft Mining
35:00 Hand Cart
36:06 Medium Warships
37:22 Elite Longbowman
42:31 Hoardings
42:32 Town Watch
Axolotlin
11:36 Feudal Age
12:03 Loom
13:21 Double-Bit Axe
16:03 Castle Age
14:55 Horse Collar
15:52 Gold Mining
17:58 Wheelbarrow
17:39 Bow Saw
21:47 Fletching
25:03 Bloodlines
25:47 Heavy Plow
27:15 Bodkin Arrow
27:22 Padded Archer Armor
27:41 Stone Mining
28:41 Husbandry
28:58 Leather Archer Armor
30:51 Hand Cart
34:17 Imperial Age
32:32 Town Watch
32:59 Scale Barding Armor
33:04 Forging
34:18 Gold Shaft Mining
34:07 Ballistics
33:28 Treadmill Crane
33:18 Light Cavalry
34:13 Silk Armor
35:13 Bracer
35:51 Iron Casting
35:11 Heavy Cavalry Archer
36:16 Conscription
37:05 Heavy Camel Rider
38:47 Blast Furnace
38:09 Chain Barding Armor
38:20 Ring Archer Armor
38:54 Chemistry
38:00 Siege Engineers
38:12 Timurid Siegecraft
42:12 Hussar
43:35 Plate Barding Armor
43:23 Town Patrol
46:27 Scale Mail Armor
Holder
11:10 Feudal Age
15:12 Castle Age
15:27 Horse Collar
15:34 Double-Bit Axe
24:31 Gold Mining
25:06 Bow Saw
33:27 Husbandry
36:02 Imperial Age
33:47 Forging
33:42 Scale Barding Armor
33:38 Heavy Plow
34:18 Gold Shaft Mining
33:33 Stone Mining
36:11 Wheelbarrow
37:19 Ballistics
38:01 Chemistry
37:20 Loom
38:17 Heavy Hei Guang Cavalry
39:50 Hand Cart
40:35 Siege Engineers
42:13 Chain Barding Armor
Kennyciu
12:13 Feudal Age
17:43 Castle Age
16:14 Double-Bit Axe
32:44 Detinets
35:29 Imperial Age
34:03 Light Cavalry
34:47 Husbandry
34:57 Bloodlines
35:04 Forging
34:59 Scale Barding Armor
36:37 Conscription
39:04 Iron Casting
38:49 Chain Barding Armor
38:26 Gold Mining
39:15 Wheelbarrow
41:45 Hand Cart
41:13 Horse Collar
41:47 Bow Saw
46:24 Squires
47:30 Gold Shaft Mining
46:54 Elite Boyar
Connection lost

Rejoining the realm…

Still unreachable

The connection could not be restored.

Session expired

The server has moved on; the page needs a fresh start.